 Dungeon Crawl Stone Soup version 0.29-a0-360-g8ed1089bbe (webtiles) character file.

Game seed: 17938507881357158716

394 Hubjo the Magician (level 6, -1/37 HPs)
             Began as a Deep Elf Fire Elementalist on Apr 28, 2022.
             Engulfed by a fire crab (glowing shapeshifter)'s flame (37 damage)
             ... on level 4 of the Dungeon.
             The game lasted 00:12:12 (5839 turns).

Hubjo the Magician (Deep Elf Fire Elementalist)     Turns: 5839, Time: 00:12:12

Health: -1/37      AC:  3    Str: 11    XL:     6   Next: 52%
Magic:  10/15      EV: 13    Int: 20    God:
Gold:   898        SH:  0    Dex: 17    Spells: 9/14 levels left

rFire   x . .      SeeInvis +   g - +2 dagger (protect)
rCold   + . .      Faith    .   (no shield)
rNeg    . . .      Spirit   .   a - +1 robe
rPois   +          Reflect  .   (no helmet)
rElec   .          Harm     .   (no cloak)
rCorr   .          Rampage  .   (no gloves)
Will    .....                   (no boots)
Stlth   +++.......              (no amulet)
HPRegen 0.12/turn               c - +6 ring of strength
MPRegen 0.14/turn               s - ring of ice

@: no status effects
A: see invisible, poison resistance
a: no special abilities


You were on level 4 of the Dungeon.
You visited 1 branch of the dungeon, and saw 4 of its levels.

You collected 898 gold pieces.

Inventory:

Hand Weapons
 f - a +2 dagger of chaos
 g - a +2 dagger of protection (weapon)
Armour
 a - a +1 robe (worn)
Jewellery
 c - a +6 ring of strength (left hand)
 p - a ring of poison resistance
 s - a ring of ice (right hand)
Scrolls
 e - a scroll of fear
 j - 3 scrolls of vulnerability
 l - a scroll of immolation
Potions
 b - a potion of magic
 d - a potion of heal wounds
 i - 2 potions of degeneration
 m - 2 potions of attraction
 q - a potion of might


   Skills:
 + Level 3.2 Fighting
 - Level 2.4 Dodging
 + Level 4.6 Stealth
 + Level 4.8 Spellcasting
 - Level 1.1 Conjurations
 * Level 4.8 Fire Magic


You had 9 spell levels left.
You knew the following spells:

 Your Spells              Type           Power      Damage    Failure   Level
a - Foxfire               Conj/Fire      64%        2x1d7     3%          1
b - Flame Wave            Conj/Fire      16%        2d6       34%         4

Your spell library contained the following spells:

 Spells                   Type           Power      Damage    Failure   Level
 Scorch                   Fire           48%        2d7       2%          2
 Shock                    Conj/Air       28%        1d4       10%         1
 Conjure Flame            Conj/Fire      16%        6-21      11%         3
 Inner Flame              Hex/Fire       14%        N/A       13%         3
 Ignite Poison            Fire/Tmut/Pois 11%        N/A       19%         3
 Swiftness                Air            4%         N/A       34%         3
 Sticky Flame             Conj/Fire      16%        2d4       34%         4
 Airstrike                Air            2%         N/A       75%         4


Dungeon Overview and Level Annotations

Branches:
Dungeon (4/15)
 Temple: D:4-7

Altars:
Wu Jian

Annotations:
D:3 3 runed translucent doors, kevlar127's ghost, amateur TrBe


Innate Abilities, Weirdness & Mutations

You have supernaturally acute eyesight. (SInv)
Your system is resistant to poisons. (rPois)


Message History

Things that are here:
26 stones; an adder corpse You now have 858 gold pieces (gained 7).
There is an escape hatch in the ceiling here.
You now have 872 gold pieces (gained 14).
Items here: ))))).
You see here a +0 dagger.
You now have 890 gold pieces (gained 18).
Items here: ))))).
You now have 898 gold pieces (gained 8).
An eye of devastation comes into view.
You conjure some foxfire!
A slime creature comes into view.
You miscast Foxfire.
You are very lightly contaminated with residual magic.
Nothing appears to happen.
The slime creature changes into an eye of devastation!
You conjure some foxfire!
The foxfire hits the eye of devastation but does no damage. x2
You conjure some foxfire!
There is not enough space to conjure foxfire!
There is not enough space to conjure foxfire!
There is not enough space to conjure foxfire!
The foxfire hits the eye of devastation but does no damage. x2
The eye of devastation changes into a shock serpent!
The foxfire hits the shock serpent!
The shock serpent is lightly wounded.
You conjure some foxfire!
The shock serpent changes into a faun!
You conjure some foxfire!
The foxfire hits the faun but does no damage.
Your magical contamination has completely faded away.
You conjure some foxfire!
Your foxfire dissipates!
A floating eye comes into view.
A fire crab comes into view.
The fire crab breathes flames at you. The blast of flame engulfs you.
You are engulfed in blazing flames.
Ouch! That really hurt!
You die...

# #.#....c....
#.##.#G######## #...)).#
####.t.##### .
##°.))..#####.. #..
##☼##.......... ...
#..○..)..)..... ....
#######.#°○○...#...........
#.......○○@○...............
#.####..#○○##..............
#..##.####............
#..##..###............ #.
##..................... #.
#..#................... #.
##..#.......#..#........
#.##...#####.........#..##.
#....<.....#...............


You could see a fire crab.

Vanquished Creatures
  A bullfrog (D:4)
  A scorpion (D:4)
  2 hounds (D:4)
  Jessica (D:2)
  An orc wizard (D:4)
  6 adders
  A worm (D:4)
  2 dart slugs
  5 orcs
  15 endoplasms
  4 giant cockroaches
  17 goblins
  6 hobgoblins
  6 kobolds
  3 quokkas
  6 ball pythons
  5 bats
  5 frilled lizards
  5 rats
92 creatures vanquished.

Vanquished Creatures (others)
  456 foxfires
456 creatures vanquished.

Grand Total: 548 creatures vanquished

Notes
Turn   | Place    | Note
-------+----------+-------------------------------------------
     0 | D:1      | Hubjo the Deep Elf Fire Elementalist began the quest for
                  | the Orb.
     0 | D:1      | Reached XP level 1. HP: 10/10 MP: 6/6
   534 | D:1      | Reached XP level 2. HP: 2/16 MP: 0/8
  1109 | D:1      | Reached skill level 1 in Fighting
  1523 | D:1      | Reached XP level 3. HP: 20/20 MP: 6/9
  1639 | D:2      | Noticed Jessica
  1640 | D:2      | Killed Jessica
  1878 | D:2      | Reached XP level 4. HP: 26/26 MP: 5/11
  2795 | D:2      | Found an ornate altar of the Wu Jian Council.
  3280 | D:2      | Identified a scroll of acquirement
  3287 | D:2      | Acquired 654 gold pieces
  3828 | D:3      | Found a runed translucent gate.
  3828 | D:3      | Found a runed translucent gate.
  3829 | D:3      | Found a runed translucent gate.
  3830 | D:3      | Noticed kevlar127's ghost (amateur TrBe)
  3890 | D:3      | Reached XP level 5. HP: 30/30 MP: 9/13
  4658 | D:4      | Noticed a glowing shapeshifter
  4658 | D:4      | an orc changed into a glowing shapeshifter
  4658 | D:4      | Noticed a wolf spider
  4658 | D:4      | a glowing shapeshifter changed into a wolf spider
  4661 | D:4      | Noticed a sea snake
  4661 | D:4      | a wolf spider changed into a sea snake
  4671 | D:4      | HP: 1/31 [scorpion (6)]
  4679 | D:4      | Reached XP level 6. HP: 14/37 MP: 12/14
  4771 | D:4      | Noticed a blink frog
  4773 | D:4      | Noticed a black mamba
  4775 | D:4      | Noticed a jumping spider
  4775 | D:4      | a black mamba changed into a jumping spider
  4780 | D:4      | Noticed a troll
  4780 | D:4      | a jumping spider changed into a troll
  4782 | D:4      | Noticed a blink frog
  4782 | D:4      | a troll changed into a blink frog
  4784 | D:4      | Noticed a warg
  4784 | D:4      | a blink frog changed into a warg
  4787 | D:4      | Noticed a hog
  4787 | D:4      | a warg changed into a hog
  4790 | D:4      | Noticed a black mamba
  4790 | D:4      | a hog changed into a black mamba
  4793 | D:4      | Noticed a tarantella
  4793 | D:4      | a black mamba changed into a tarantella
  4794 | D:4      | Noticed a black mamba
  4794 | D:4      | a tarantella changed into a black mamba
  4796 | D:4      | Noticed a yak
  4796 | D:4      | a black mamba changed into a yak
  4798 | D:4      | Noticed a fire bat
  4798 | D:4      | a yak changed into a fire bat
  4799 | D:4      | Gained mutation: Your flesh is cold resistant. (rC+)
                  | [potion of mutation]
  4799 | D:4      | Lost mutation: Your flesh is cold resistant. (rC+) [potion
                  | of mutation]
  4799 | D:4      | Gained mutation: Your system is resistant to poisons.
                  | (rPois) [potion of mutation]
  4799 | D:4      | Gained mutation: You have supernaturally acute eyesight.
                  | (SInv) [potion of mutation]
  4801 | D:4      | a fire bat changed into a worm
  4809 | D:4      | Noticed a wyvern
  4810 | D:4      | a wyvern changed into a scorpion
  5077 | D:3      | Learned a level 4 spell: Flame Wave
  5818 | D:4      | Noticed an eye of devastation
  5820 | D:4      | Noticed a slime creature
  5821 | D:4      | Noticed an eye of devastation
  5821 | D:4      | a slime creature changed into an eye of devastation
  5825 | D:4      | Noticed a shock serpent
  5825 | D:4      | an eye of devastation changed into a shock serpent
  5826 | D:4      | Noticed a faun
  5826 | D:4      | a shock serpent changed into a faun
  5833 | D:4      | Noticed a floating eye
  5837 | D:4      | Noticed a fire crab
  5839 | D:4      | Engulfed by a fire crab (glowing shapeshifter)'s flame

Illustrated notes

Levels and vault maps discovered:
D:1:      lemuel_arrival_rhombus, layout_basic
D:2:      kennysheep_six_static_rooms, layout_basic, basic_altar,
          minmay_misc_feat_hallway, uniq_jessica
D:3:      layout_loops_ring, ebering_ghost_rock_garden
D:4:      layout_rooms, minmay_goblin_outpost

Skill      XL: |  1  2  3  4  5 |
---------------+----------------+-----
Fighting       | 1 2 3 |  3.2
Stealth        | 3 4 |  4.6
Spellcasting   | 4 |  4.8
Fire Magic     | 4 |  4.8
Dodging        | |  2.4
Conjurations   | |  1.1

Action                   |  1- 3 |  4- 6 || total
-------------------------+-------+-------++-------
Melee: Unarmed           |     7 |       ||     7
       Dagger            |    21 |    52 ||    73
       Punch             |       |     2 ||     2
 Cast: Foxfire           |    75 |   212 ||   287
Evoke: Wand              |       |     5 ||     5
  Use: Potion            |     3 |     9 ||    12
       Scroll            |     1 |    10 ||    11
 Stab: Sleeping          |     1 |     1 ||     2
Armor: Robe              |    15 |    17 ||    32
Dodge: Dodged            |    30 |    47 ||    77

Table legend: (Time is in decaauts)
 A = Elapsed time spent in this place.
 B = Non-inter-level travel time spent in this place.
 C = Inter-level travel time spent in this place.
 D = Time resting spent in this place.
 E = Time spent auto-exploring this place.
 F = Levels seen in this place.
 G = Mean time per level.
                   A        B        C        D        E       F      G
               +--------+--------+--------+--------+--------+-----+--------+
         Total |   5836 |   5791 |     45 |    547 |   4376 |   4 | 1459.0 |
       Dungeon |   5836 |   5791 |     45 |    547 |   4376 |   4 | 1459.0 |
               +--------+--------+--------+--------+--------+-----+--------+

Top non-repeatable levels by time:
     D:2: 1654 daAuts
     D:1: 1638 daAuts
     D:3: 1413 daAuts
     D:4: 1130 daAuts
